cohdb
Replays
Latest Replays
All Replays
Popular Replays
Top Player Replays
Match Explorer
How It Works
Community
CoH3 Stats
Reddit
Sign in to upload your games and track your stats! →
Sign in with Steam
Match 41522775
Unlisted
Match 41522775
Overview
Messages
Build Orders
End
Panzergrenadier Squad
Panzerpioneer Squad
Selects Panzerjäger Kommand Battlegroup
Selects Mine Fields
Panzergrenadier Squad
250 Light Carrier
Selects GrB 39 Grenade Launcher Requisition
Panzergrenadier Squad
Construct Light Support Kompanie
Panzerjäger Mechanized Group
Fire Support Elements
Flakvierling Half-track
CryptX
nacke
Emin3nt
Take the beer and watch my game
6block
Dar
HY3NA
KazakBoss4
0
0
Comments
sign in to comment!
No comments posted yet!